 Dungeon Crawl Stone Soup version 0.24-a0-493-g7e4ddcd485 (webtiles) character file.

Game seed: 71785823946661544

252 Gynju the Conjurer (level 5, 0/38 HPs)
             Began as a Draconian Conjurer on July 12, 2019.
             Slain by an orc
             ... wielding a +0 club
              (2 damage)
             ... on level 4 of the Dungeon.
             The game lasted 00:04:27 (2722 turns).

Gynju the Conjurer (Draconian Conjurer)             Turns: 2722, Time: 00:04:27

Health: 0/38       AC:  5    Str: 11    XL:     5   Next: 89%
Magic:  0/11       EV: 12    Int: 16    God:
Gold:   85         SH:  0    Dex: 11    Spells: 7/12 levels left

rFire    . . .     SeeInvis .   i - +1 dagger (holy)
rCold    . . .     Gourm    .   (no shield)
rNeg     . . .     Faith    .   (armour unavailable)
rPois    .         Spirit   .   (helmet restricted)
rElec    .         Reflect  .   (no cloak)
rCorr    .         Harm     .   (no gloves)
MR       .....                  (no boots)
Stlth    ++........             (no amulet)
HPRegen  0.12/turn              (no ring)
MPRegen  0.12/turn              (no ring)

@: lethally poisoned (0 -> -5)
A: unfitting armour, cold-blooded, AC +5
a: no special abilities


You were on level 4 of the Dungeon.
You were not hungry.

You visited 1 branch of the dungeon, and saw 6 of its levels.

You collected 85 gold pieces.

Inventory:

Hand Weapons
 i - a +1 dagger of holy wrath (weapon)
Missiles
 e - 3 javelins (quivered)
Jewellery
 l - an uncursed amulet of regeneration {unknown}
 n - an uncursed amulet of faith {unknown}
Scrolls
 c - a scroll of immolation
 f - a scroll of amnesia
 g - 2 scrolls of teleportation
Potions
 d - a potion of magic {unknown}
 j - 2 potions of haste {unknown}
 k - a potion of brilliance {unknown}
 m - a potion of mutation {unknown}
 o - a potion of curing {unknown}
Comestibles
 b - 3 rations


   Skills:
 - Level 1.7 Dodging
 - Level 1.7 Stealth
 + Level 4.2 Spellcasting
 + Level 5.8 Conjurations


You had 7 spell levels left.
You knew the following spells:

 Your Spells              Type           Power        Failure   Level  Hunger
a - Magic Dart            Conj           ###.         1%          1    None
b - Iskenderun's Mystic   Conj           ###.....     16%         4    ####...

Your spell library contained the following spells:

 Spells                   Type           Power        Failure   Level  Hunger
 Searing Ray              Conj           ###...       2%          2    ##.....
 Dazzling Spray           Conj/Hex       ##....       16%         3    ###....
 Force Lance              Conj/Tloc      ##......     45%         4    ####...
 Fulminant Prism          Conj/Hex       ##........   45%         4    ####...


Dungeon Overview and Level Annotations

Branches:
Dungeon (6/15)
 Temple: D:4-7

Altars:


Innate Abilities, Weirdness & Mutations

Your plain brown scales are hard. (AC +5)
You cannot fit into any form of body armour.
You are cold-blooded and may be slowed by cold attacks.


Message History

The magic dart hits the leopard gecko skeleton.
You destroy the leopard gecko skeleton!
You feel sick.
The worker ant waves its antennae.
The worker ant bites you.
* * * LOW HITPOINT WARNING * * *
The orc hits you but does no damage. The orc barely misses you.
The worker ant bites you!
* * * LOW HITPOINT WARNING * * *
The worker ant barely misses you.
Casting: Magic Dart (safe; 1% risk of failure)
Confirm with . or Enter, or press ? or * to list all spells.
Aiming: Magic Dart (safe; 1% risk of failure)
Press: ? - help, Shift-Dir - straight line, f - worker ant
Aim: a worker ant The magic dart hits the worker ant but does no damage.
The orc misses you. The worker ant misses you.
The worker ant bites you but does no damage.
The orc hits you with a +0 club.
You die...

###########
....#.....##
...........##
............#
......ao....#
.......@o...#
........a......
...............
...............
...........#...
..........## ..
####.###### .
#.


You could see 2 worker ants and 2 orcs.

Vanquished Creatures
  A howler monkey (D:4)
  A hound (D:3)
  A bullfrog skeleton (D:5)
  6 gnolls (D:3)
  3 adders
  A shadow imp (D:5)
  An adder skeleton (D:3)
  A worm (D:3)
  3 leopard geckos
  3 orcs
  6 bats (D:2)
  A giant cockroach (D:2)
  4 goblins
  8 hobgoblins
  2 jackals (D:1)
  3 kobolds
  2 quokkas (D:2)
  2 ball pythons
  9 frilled lizards
  A leopard gecko skeleton (D:4)
  6 rats
65 creatures vanquished.

Notes
Turn   | Place    | Note
-------+----------+-------------------------------------------
     0 | D:1      | Gynju the Draconian Conjurer began the quest for the Orb.
     0 | D:1      | Reached XP level 1. HP: 14/14 MP: 3/3
   297 | D:1      | Reached XP level 2. HP: 20/20 MP: 1/5
   817 | D:2      | Reached XP level 3. HP: 26/26 MP: 1/7
  1728 | D:3      | Reached XP level 4. HP: 22/33 MP: 1/8
  1774 | D:3      | Reached skill level 5 in Conjurations
  2065 | D:3      | Learned a level 4 spell: Iskenderun's Mystic Blast
  2144 | D:3      | Reached XP level 5. HP: 38/38 MP: 5/10
  2593 | D:3      | You fall into a shaft and drop 3 floors!
  2596 | D:5      | Entered Level 5 of the Dungeon
  2722 | D:4      | Slain by an orc

Levels and vault maps discovered:
D:1:      minmay_arrival_widening_spiral_wide, layout_rooms, minmay_lizard_pond
D:2:      layout_basic, first_ration, eino_curves_02, minmay_tromino_i4
D:3:      minmay_chambers_of_twos, layout_rooms, marbit_many_paths,
          item_on_display_b
D:4:      layout_rooms, serial_shops, shop, nicolae_ossuary_entry_plus,
          chequers_avenue
D:5:      layout_cave_pools, temple_fountains, serial_shops, nicolae_shop_stone
D:6:      layout_loops_cross, lightli_temple_of_fire, grunt_ministairs_9,
          amethyst_killhole, nicolae_dithmenos_through_a_glass_darkly

Skill      XL: |  1  2  3  4  5 |
---------------+----------------+-----
Spellcasting   | 3 4 |  4.2
Conjurations   | 5 |  5.8
Dodging        | |  1.7
Stealth        | |  1.7

Action                   |  1- 3 |  4- 6 || total
-------------------------+-------+-------++-------
Melee: Dagger            |    11 |    31 ||    42
       Tailslap          |     2 |     1 ||     3
 Cast: Magic Dart        |    83 |    86 ||   169
  Use: Scroll            |       |     5 ||     5
  Eat: Chunk             |     3 |     3 ||     6
Armor: Skin              |     5 |    13 ||    18
Dodge: Dodged            |    10 |    52 ||    62

Table legend:
 A = Non-vault XP
 B = Vault XP
 C = Vault XP percentage of total XP
 D = Non-vault monster count
 E = Vault monster count
 F = Vault count percentage of total count
                 A         B        C        D         E       F
            +---------+---------+-------+---------+---------+-------
      Total |     352 |       9 |   2.5 |      58 |       7 |  10.8
            +---------+---------+-------+---------+---------+-------
        D:1 |      25 |       4 |  13.8 |      16 |       4 |  20.0
        D:2 |      37 |       5 |  11.9 |      16 |       3 |  15.8
        D:3 |     187 |       0 |   0.0 |      21 |       0 |   0.0
        D:4 |      55 |       0 |   0.0 |       3 |       0 |   0.0
        D:5 |      48 |       0 |   0.0 |       2 |       0 |   0.0
            +---------+---------+-------+---------+---------+-------
